 Dungeon Crawl Stone Soup version 0.28-a0-863-g8cecda6153 (webtiles) character file.

Game seed: 17381196561856001341

55 vineage the Skirmisher (level 3, 0/29 HPs)
             Began as a Demonspawn Gladiator on Nov 18, 2021.
             Slain by Crazy Yiuf (4 damage)
             ... on level 2 of the Dungeon.
             The game lasted 00:02:36 (1810 turns).

vineage the Skirmisher (Demonspawn Gladiator)       Turns: 1810, Time: 00:02:38

Health: 0/29       AC:  5    Str: 15    XL:     3   Next: 67%
Magic:  3/3        EV: 15    Int:  9    God:
Gold:   89         SH:  0    Dex: 20    Spells: 2/2 levels left

rFire   . . .      SeeInvis .   n - +3 spear (flame)
rCold   . . .      Faith    .   (no shield)
rNeg    . . .      Spirit   .   b - +0 leather armour
rPois   .          Reflect  .   c - +0 helmet
rElec   .          Harm     .   f - +0 cloak
rCorr   .          Rampage  .   (no gloves)
Will    .....                   (no boots)
Stlth   +.........              (no amulet)
HPRegen 0.09/turn               j - +6 ring of dexterity
MPRegen 0.08/turn               (no ring)

@: lethally poisoned (0 -> -6)
A: repulsion field 1
a: no special abilities


You were on level 2 of the Dungeon.
You visited 1 branch of the dungeon, and saw 2 of its levels.

You collected 89 gold pieces.

Inventory:

Hand Weapons
 a - a +0 war axe
 n - a +3 spear of flaming (weapon)
Missiles
 d - 3 throwing nets (quivered)
Armour
 b - a +0 leather armour (worn)
 c - a +0 helmet (worn)
 f - a +0 cloak (worn)
Jewellery
 g - an amulet of faith
 j - a +6 ring of dexterity (left hand)
 k - an amulet of magic regeneration
Scrolls
 h - 2 scrolls of teleportation
Potions
 l - 2 potions of curing


   Skills:
 + Level 3.1 Fighting
 - Level 2.6 Axes
 - Level 1.7 Throwing
 + Level 2.1 Armour
 - Level 2.6 Dodging


You had 2 spell levels left.
You didn't know any spells.
Your spell library contained the following spells:

 Spells                   Type           Power      Damage    Failure   Level
 Scorch                   Fire           0%         2d5       58%         2
 Flame Wave               Conj/Fire      0%         3d3       99%         4
 Passage of Golubria      Tloc           0%         N/A       99%         4
 Silence                  Hex/Air        0%         N/A       100%        5
 Summon Cactus Giant      Summ           0%         N/A       100%        6
 Lehudib's Crystal Spear  Conj/Erth      0%         10d2      100%        8


Dungeon Overview and Level Annotations

Branches:
Dungeon (2/15)

Altars:

Annotations:
D:2 Crazy Yiuf


Innate Abilities, Weirdness & Mutations

You are surrounded by a mild repulsion field. (EV +2)


Message History

You feel invigorated.
You bump into the rock wall.
You are too confused!
You bump into the rock wall.
You bump into the rock wall.
You feel less invigorated.
You feel less confused.
Okay, then.
Blink to where?
Press: ? - help, Dir - move target, f - you Are you sure you want to cancel this blink? [Y]es or [N]o only, please.
Are you sure you want to cancel this blink?
Okay, then.
As you read the scroll labelled XEYGEU PUATEHU, it crumbles to dust.
It was a scroll of blinking.
As you read the scroll labelled WOEMIN BISKAUSISH, it crumbles to dust.
It is a scroll of enchant weapon.
Your +2 spear of flaming glows red for a moment.
You open the door. You hit Crazy Yiuf. You burn Crazy Yiuf.
Crazy Yiuf is moderately wounded.
Crazy Yiuf says, "Buddy stair bush!"
Crazy Yiuf hits you with a +3 quarterstaff of chaos!
You are poisoned.
You hit Crazy Yiuf. You burn Crazy Yiuf.
Crazy Yiuf is heavily wounded.
You feel very sick.
Crazy Yiuf glowers.
Crazy Yiuf hits you with a +3 quarterstaff of chaos.
You are confused.
You bump into the rock wall.
You feel less confused.
You feel sick. Crazy Yiuf misses you.
You hit Crazy Yiuf. You burn Crazy Yiuf.
Crazy Yiuf is heavily wounded.
You feel sick.
Crazy Yiuf hits you with a +3 quarterstaff of chaos.
* * * LOW HITPOINT WARNING * * *
You convulse.
You die...

########## .........# .........#
.........# ######## .######### ###
###.#....## .##
#...##..#......####### ..#
#...g@####...........# ..# #)..###
##..........# ..# ### ####.......#
..# #.......# ..######## #.......#
.........# ##########.......#
.......#########....#.##........#
.......'.รท.....'.......'.........
.......#########....#..#........#


You could see Crazy Yiuf.

Vanquished Creatures
  An adder (D:2)
  2 dart slugs (D:1)
  An orc (D:2)
  3 endoplasms (D:1)
  3 giant cockroaches
  2 goblins
  5 hobgoblins (D:1)
  2 jackals (D:1)
  2 quokkas (D:2)
  3 ball pythons
  4 bats (D:1)
  4 frilled lizards
  3 kobolds (D:1)
  5 rats
40 creatures vanquished.

Notes
Turn   | Place    | Note
-------+----------+-------------------------------------------
     0 | D:1      | vineage the Demonspawn Gladiator began the quest for the
                  | Orb.
     0 | D:1      | Reached XP level 1. HP: 16/16 MP: 1/1
   267 | D:1      | You fall into a shaft and drop 1 floor!
   344 | D:1      | Reached skill level 1 in Armour
   344 | D:1      | Gained mutation: You are surrounded by a mild repulsion
                  | field. (EV +2) [demonic ancestry]
   344 | D:1      | Reached XP level 2. HP: 23/23 MP: 2/2
   582 | D:1      | Found a faded altar of an unknown god.
   783 | D:1      | Reached XP level 3. HP: 25/28 MP: 3/3
  1418 | D:2      | Reached skill level 3 in Fighting
  1538 | D:2      | Found a runed translucent door.
  1539 | D:2      | Noticed Crazy Yiuf
  1810 | D:2      | Slain by Crazy Yiuf

Illustrated notes

Levels and vault maps discovered:
D:1:      dpeg_arrival_refuge, layout_loops_ring,
          shapermc_ecumenical_altar_notcrosses
D:2:      layout_basic, uniq_crazy_yiuf_cottage

Skill      XL: |  1  2  3 |
---------------+----------+-----
Armour         | 1 2 |  2.1
Fighting       | 3 |  3.1
Axes           | |  2.6
Throwing       | |  1.7
Dodging        | |  2.6

Action                   || total
-------------------------++-------
Melee: War axe           ||    84
       Spear             ||    24
  Use: Scroll            ||     4
       Potion            ||     1
 Stab: Sleeping          ||     1
Armor: Leather armour    ||    26
Dodge: Dodged            ||    97

Table legend: (Time is in decaauts)
 A = Elapsed time spent in this place.
 B = Non-inter-level travel time spent in this place.
 C = Inter-level travel time spent in this place.
 D = Time resting spent in this place.
 E = Time spent auto-exploring this place.
 F = Levels seen in this place.
 G = Mean time per level.
                   A        B        C        D        E       F      G
               +--------+--------+--------+--------+--------+-----+--------+
         Total |   1843 |   1806 |     37 |      0 |   1507 |   2 |  921.5 |
       Dungeon |   1843 |   1806 |     37 |      0 |   1507 |   2 |  921.5 |
               +--------+--------+--------+--------+--------+-----+--------+

Top non-repeatable levels by time:
     D:1: 1266 daAuts
     D:2: 576 daAuts
